 Dungeon Crawl Stone Soup version 0.30.0-5-g1a98f26d00 (webtiles) character file.

Game seed: 16444453144695360318

1218 GigaChad the Chopper (level 8, -6/62 HPs)
             Began as a Formicid Fighter on May 13, 2023.
             Mangled by Pikel
             ... wielding a +2 whip of electrocution
              (8 damage)
             ... on level 6 of the Dungeon.
             The game lasted 00:05:56 (4268 turns).

GigaChad the Chopper (Formicid Fighter)             Turns: 4268, Time: 00:05:58

Health: -6/62      AC: 12    Str: 23    XL:     8   Next: 75%
Magic:  8/8        EV:  6    Int:  8    God:
Gold:   256        SH:  0    Dex: 13    Spells: 7/7 levels left

rFire   . . .        a - +0 war axe
rCold   . . .        D - +0 tower shield
rNeg    . . .        C - +0 chain mail
rPois   .            (helmet unavailable)
rElec   .            s - +1 cloak
rCorr   .            (no gloves)
SInv    +            (no boots)
Will    .....        (no amulet) Stlth
                     (no ring)
HPRegen 0.30/turn    (no ring)
MPRegen 0.11/turn

%: no passive effects
@: confused
A: permanent stasis, dig shafts and tunnels, antennae 3, four strong arms
a: Dig, Shaft Self


You were on level 6 of the Dungeon.
You visited 1 branch of the dungeon, and saw 6 of its levels.
You also visited: Ossuary.

You collected 400 gold pieces.
You spent 144 gold pieces at shops.

Inventory:

Hand Weapons
 a - a +0 war axe (weapon)
 r - a +2 quarterstaff of chaos
Armour
 b - a +0 scale mail
 c - a +0 buckler
 j - a scarf of repulsion
 s - a +1 cloak (worn)
 C - a +0 chain mail (worn)
 D - a +0 tower shield (worn)
Jewellery
 e - an amulet of magic regeneration
 h - a ring of ice
 o - an amulet of faith
 y - a ring of protection from fire
Scrolls
 g - 5 scrolls of identify
 i - a scroll of acquirement {unknown}
 p - 2 scrolls of poison {unknown}
 q - 2 scrolls of immolation {unknown}
 u - a scroll of fear {unknown}
 v - 2 scrolls of enchant weapon {unknown}
 w - a scroll of amnesia {unknown}
 A - 3 scrolls of teleportation {unknown}
Potions
 d - 2 potions of might
 f - 5 potions of heal wounds
 k - 5 potions of mutation {unknown}
 l - 2 potions of haste {unknown}
 m - 2 potions of attraction {unknown}
 n - 7 potions of curing
 t - a potion of cancellation {unknown}
 x - a potion of resistance {unknown}
 z - a potion of ambrosia {unknown}
 B - 2 potions of flight {unknown}


   Skills:
 + Level 5.3 Fighting
 + Level 7.4 Axes
 + Level 5.5 Armour
 + Level 1.9 Dodging
 + Level 1.0 Stealth
 + Level 5.4 Shields


You had 7 spell levels left.
You didn't know any spells.
Your spell library contained the following spells:

 Spells                   Type           Power      Damage    Failure   Level
 Sandblast                Erth           0%         2d4       100%        1
 Poisonous Vapours        Pois/Air       0%         N/A       100%        2
 Olgreb's Toxic Radiance  Pois           0%         N/A       100%        4
 Borgnjor's Vile Clutch   Necr/Erth      0%         N/A       100%        5


Dungeon Overview and Level Annotations

Branches:
Dungeon (6/15)            Ossuary (visited)
 Temple: D:4-7

Altars:
Dithmenos
Yredelemnul

Shops:
D:4 [

Portals:
Abyss: D:4

Annotations:
D:4 2 transporters, hawla's ghost, amateur MeFE
D:6 Pikel


Innate Abilities, Weirdness & Mutations

You cannot be hasted, slowed, berserked, paralysed or teleported.
You can dig through walls and to a lower floor.
You have a pair of large antennae on your head. (SInv)
Your four strong arms can wield two-handed weapons with a shield.


Message History

You completely miss the lemure.
The lemure is moderately wounded.
You closely miss Pikel. You block the lemure's attack.
Pikel hits you but does no damage.
You are electrocuted!!
* * * LOW HITPOINT WARNING * * *
You slash the lemure!
The lemure is heavily wounded.
You closely miss Pikel. The lemure barely misses you. You block Pikel's attack.
You slash the lemure!
You kill the lemure!
That felt strangely unrewarding.
You hit Pikel. You block Pikel's attack. You block the lemure's attack.
Pikel hits you with a +2 whip of electrocution!
* * * LOW HITPOINT WARNING * * *
You hit the lemure.
The lemure is lightly wounded.
You closely miss Pikel.
Pikel zaps a wand.
You easily resist.
The lemure hits you but does no damage.
You slash the lemure!
The lemure is heavily wounded.
You slash Pikel! You block Pikel's attack.
The lemure hits you but does no damage. You block the lemure's attack.
Pikel zaps a wand.
You easily resist.
You hit the lemure.
The lemure is severely wounded.
You completely miss Pikel. You block Pikel's attack.
You block the lemure's attack.
You hit the lemure.
The lemure is severely wounded.
You hit Pikel but do no damage.
Pikel zaps a wand.
Your will is overpowered!
You are confused.
The lemure hits you.
* * * LOW HITPOINT WARNING * * *
You hit the lemure.
You kill the lemure!
That felt strangely unrewarding.
You barely miss Pikel.
Pikel zaps a wand.
Your will is overpowered!
You are more confused.
The now-empty wand crumbles to dust.
Pikel hits you with a +2 whip of electrocution!
You die...

#.......###
{#.......#.
##........
#.......#
#.......# .
#....)).#
...####...<.)#
#....K#...#)#
# #5@.###.#
###..##.#
##....#
###....#
##.#...#
#.###.... #.#
### #.# #.#


You could see Pikel and a lemure.

Vanquished Creatures
  Sigmund (D:3)
  Menkaure (D:6)
  A sky beast (D:6)
  3 lemures (D:6)
  A bullfrog (D:5)
  3 scorpions (D:5)
  A howler monkey (D:5)
  A jelly (D:5)
  An orc priest (D:6)
  Crazy Yiuf (D:4)
  2 hounds (D:5)
  2 iguanas (D:5)
  A sleepcap (D:4)
  Terence (D:3)
  An orc wizard (D:6)
  8 mummies (Ossuary)
  8 adders
  A white imp (D:5)
  An ufetubus (D:5)
  3 dart slugs
  5 orcs
  3 ball pythons
  7 endoplasms
  5 giant cockroaches
  2 gnoll zombies (Ossuary)
  7 hobgoblins
  6 jackals (D:1)
  5 quokkas
  8 bats
  2 frilled lizards
  9 goblins
  3 hobgoblin zombies (Ossuary)
  6 kobolds
  A kobold zombie (Ossuary)
  2 orc zombies (Ossuary)
  7 rats
120 creatures vanquished.

Notes
Turn   | Place    | Note
-------+----------+-------------------------------------------
     0 | D:1      | GigaChad the Formicid Fighter began the quest for the Orb.
     0 | D:1      | Reached XP level 1. HP: 18/18 MP: 1/1
    65 | D:1      | Reached XP level 2. HP: 20/24 MP: 2/2
   165 | D:1      | Reached XP level 3. HP: 27/29 MP: 3/3
   776 | D:2      | Reached XP level 4. HP: 36/36 MP: 4/4
  1363 | D:3      | Reached skill level 3 in Axes
  1557 | D:3      | Noticed Terence
  1560 | D:3      | Found a basalt altar of Yredelemnul.
  1565 | D:3      | Killed Terence
  1566 | D:3      | Reached XP level 5. HP: 31/42 MP: 5/5
  1661 | D:3      | Found a faded altar of an unknown god.
  1662 | D:3      | Noticed Sigmund
  1673 | D:3      | Killed Sigmund
  1674 | D:3      | Reached skill level 4 in Axes
  1674 | D:3      | Reached XP level 6. HP: 35/48 MP: 6/6
  2064 | D:4      | Got Tupyxzaw's Folio of the Anticline and the Hornet
  2083 | D:4      | Found a transporter.
  2199 | D:4      | Found a transporter.
  2387 | D:4      | Found Bucrej's Antique Armour Shoppe.
  2415 | D:4      | Found the +6 shillelagh "Devastator" {shatter}
  2416 | D:4      | Found a one-way gate to the infinite horrors of the Abyss.
  2416 | D:4      | Noticed hawla's ghost (amateur MeFE)
  2422 | D:4      | Noticed a small abomination
  2437 | D:4      | Noticed a toenail golem
  2459 | D:4      | Found a runed translucent door.
  2460 | D:4      | Noticed Crazy Yiuf
  2653 | D:4      | Noticed a small abomination
  2738 | D:4      | Killed Crazy Yiuf
  2739 | D:4      | Reached XP level 7. HP: 51/55 MP: 7/7
  2793 | D:5      | Entered Level 5 of the Dungeon
  2852 | D:5      | Found a sand-covered staircase.
  2886 | D:5      | Reached skill level 5 in Axes
  2993 | Ossuary  | Entered an ossuary
  3079 | Ossuary  | Reached skill level 1 in Dodging
  3405 | D:5      | Reached skill level 5 in Armour
  3629 | D:5      | Found a shadowy altar of Dithmenos.
  3837 | D:5      | Reached skill level 6 in Axes
  3837 | D:5      | Reached XP level 8. HP: 61/61 MP: 8/8
  3861 | D:5      | Reached skill level 5 in Fighting
  3861 | D:5      | Reached skill level 1 in Stealth
  3861 | D:5      | Reached skill level 5 in Shields
  4179 | D:4      | Bought a tower shield for 144 gold pieces
  4221 | D:6      | Reached skill level 7 in Axes
  4243 | D:6      | Noticed Menkaure
  4254 | D:6      | Noticed Pikel
  4255 | D:6      | Killed Menkaure
  4263 | D:6      | HP: 3/62 [Pikel/+2 whip of electrocution (8)]
  4267 | D:6      | HP: 1/62 [lemure[Pikel] (3)]
  4268 | D:6      | Mangled by Pikel

Illustrated notes

Levels and vault maps discovered:
D:1:      onia_arrival_mini_spirals, layout_basic
D:2:      layout_loops_ring, kennysheep_generic_room_14
D:3:      layout_basic, yredelemnul_altar_generic,
          chequers_ecumenical_altar_island, palyth_stone_intersect,
          uniq_sigmund, uniq_terence
D:4:      layout_cave_pools, serial_shops, shop, gammafunk_ghost_abyssal_escape,
          minmay_strange_pillars, wad_rectangle_vault, uniq_crazy_yiuf_cottage
D:5:      layout_basic, mainiacjoe_overflow_chevrons,
          nicolae_ossuary_entry_plus, minmay_between
D:6:      layout_rooms, nicolae_good_shop, uniq_menkaure, uniq_pikel

Skill      XL: |  1  2  3  4  5  6  7  8 |
---------------+-------------------------+-----
Armour         | 4 5 |  5.5
Axes           | 3 4 6 7 |  7.4
Fighting       | 4 5 |  5.3
Dodging        | 1 |  1.9
Stealth        | 1 |  1.0
Shields        | 5 |  5.4

Action                     |  1- 3 |  4- 6 |  7- 9 || total
---------------------------+-------+-------+-------++-------
  Melee: War axe           |    92 |    94 |   178 ||   364
    Use: Scroll            |       |     3 |       ||     3
 Armour: Scale mail        |    60 |    41 |    45 ||   146
         Chain mail        |       |       |    37 ||    37
  Dodge: Dodged            |    48 |    30 |    68 ||   146
         Repelled          |       |     2 |       ||     2
  Block: Buckler           |    32 |    23 |    30 ||    85
         Tower shield      |       |       |    40 ||    40
